[Event "Early-Titled-Tuesday-Blitz-September-26-2023"]
[Site "Chess.com"]
[Date "2023.09.26"]
[Round "2"]
[White "MikaelyanArman"]
[Black "Saif_Malek04"]
[Result "1-0"]
[WhiteElo "2867"]
[BlackElo "2605"]
[TimeControl "180+1"]
[EndTime "8:18:50 PDT"]
[Termination "MikaelyanArman won by checkmate"]

1. d4 c6 2. Nf3 d6 3. g3 Nd7 4. Bg2 Ngf6 5. O-O g6 6. b3 Bg7 7.
Bb2 O-O 8. Nbd2 Qc7 9. e4 e5 10. dxe5 dxe5 11. Re1 Re8 12. Nc4 b5 13. Qd6 Qxd6 14.
Nxd6 Re6 15. Rad1 Ba6 16. Nxf7 Kxf7 17. Ng5+ Ke7 18. Bh3 Rd6 19. Rxd6 Kxd6 20. Rd1+ Ke7 21. Ne6 Rg8 22. Ba3+ c5 23. Nxc5 Nxc5 24. Bxc5+ Kf7 25.
f3 Bc8 26. Bf1 a6 27. a4 bxa4 28. bxa4 Bf8 29. Bc4+ Be6 30. Bxe6+ Kxe6 31. Be3 Bb4 32.
Rb1 a5 33. c3 Bxc3 34. Rb6+ Kf7 35. Rb7+ Ke8 36. Bg5 Nd7 37. Kg2 Rg7 38. h4 Rf7 39. Rc7 Nb6 40. Rxc3 Nxa4 41. Ra3 Nb2 42. Rxa5 Rc7 43.
Rxe5+ Kf7 44. Rd5 Nc4 45. Kh3 Ra7 46. Bf4 Ra2 47. h5 gxh5 48. Rxh5 Kg7 49. Rd5 Nb2 50.
Be5+ Kg6 51. Rd2 Ra5 52. Bxb2 Ra2 53. Kg2 h5 54. g4 hxg4 55. fxg4 Kg5 56. Bf6+ Kxf6 57.
Rxa2 Kg5 58. Ra4 Kxg4 59. Kf2 Kf4 60. Ke2 Ke5 61. Kd3 Ke6 62. Ke3 Ke5 63. Ra5+ Ke6 64. Ra1 Ke5 65. Rb1 Ke6 66. Rc1 Ke5 67. Rd1 Ke6 68. Rb1 Ke5 69. Kd3 Ke6 70. Kd4 Kd6 71. e5+ Ke6 72. Ke4 Kd7 73. Kd5 Ke7 74. e6 Ke8 75.
Kd6 Kd8 76. Rb8# 1-0

[Event "Early-Titled-Tuesday-Blitz-September-26-2023"]
[Site "Chess.com"]
[Date "2023.09.26"]
[Round "2"]
[White "wild3000"]
[Black "Sinquefield"]
[Result "0-1"]
[WhiteElo "2317"]
[BlackElo "2521"]
[TimeControl "180+1"]
[EndTime "8:18:57 PDT"]
[Termination "Sinquefield won by checkmate"]

1. d4 Nf6 2. e3 d6 3. Nf3 Nbd7 4.
Be2 e5 5. O-O Be7 6. c4 O-O 7. Nc3 c6 8. b3 Re8 9. Bb2 e4 10. Nd2 d5 11. cxd5 cxd5 12. Rc1 a6 13. a4 Bd6 14. Ncb1 Nf8 15. Ba3 Ng6 16. Bxd6 Qxd6 17. Qc2 Bg4 18. Bxg4 Nxg4 19. g3 Re7 20. Qc5 Qe6 21. Nc3 Rd8 22. Ne2 h5 23. h4 Qf6 24.
Kg2 Nh6 25. Nf4 Nxf4+ 26. exf4 Nf5 27. Rfe1 Qxd4 28. Qxd4 Nxd4 29. Rc5 Nc6 30. Nf1 g6 31. Rb1 d4 32. b4 d3 33. Ne3 Nd4 34. b5 axb5 35.
axb5 Red7 36. b6 f5 37. Nd1 Ne6 38. Re5 Kf7 39. f3 Rd5 40. fxe4 Rxe5 41. fxe5 fxe4 42. Kf2 Nc5 43. Rc1 Rd5 44. Ke3 Ke6 45. Nc3 d2 46.
Rd1 Rd3+ 47. Ke2 Rxc3 48. Rxd2 Kxe5 49. Rd8 Rc2+ 50. Kd1 Rb2 51. Re8+ Kd4 52. Kc1 Rxb6 53. Kc2 Nd3 54. Kd2 Rb2+ 55. Kd1 Ke3 56. g4 Rb1+ 57. Kc2 Rb2+ 58. Kc3 hxg4 59. Rg8 Rb6 60. Rf8 Rc6+ 61. Kb3 g3 62. Rf1 g2 63. Rg1 Kf2 64. Rb1 Rb6+ 65. Kc4 Rxb1 66. h5 gxh5 67. Kd5 g1=Q 68. Kd4 Ke2+ 69.
Kc3 Qc1+ 70. Kd4 Qc5+ 71. Kxe4 Qe5# 0-1

[Event "Early-Titled-Tuesday-Blitz-September-26-2023"]
[Site "Chess.com"]
[Date "2023.09.26"]
[Round "2"]
[White "viktorgen2021"]
[Black "EvgenyBurmakin"]
[Result "0-1"]
[WhiteElo "2491"]
[BlackElo "2306"]
[TimeControl "180+1"]
[EndTime "8:18:57 PDT"]
[Termination "EvgenyBurmakin won by resignation"]

1. d4 Nf6 2. Nf3 g6 3. g3 Bg7 4. Bg2 O-O 5. O-O d6 6. a4 a5 7. Nc3 d5 8. Ne5 Bf5 9. Re1 c6 10. Bf4 Na6 11. Nd3 Ne4 12. Be5 f6 13. Bf4 Qd7 14. f3 Nd6 15. e4 Be6 16. Be3 b6 17. Bf2 Nb4 18. Qe2 dxe4 19. Nxe4 Bc4 20. b3 Bxd3 21.
cxd3 Rad8 22. Rac1 Rfe8 23. Qf1 Nf5 24. Bh3 Qd5 25.
Nd2 Nxd4 26. Re4 e5 27. Rce1 f5 28. Bxd4 fxe4 29. Rxe4 exd4 30. Qe2 Rxe4 31. Nxe4 Qxb3 32. Ng5 Qb1+ 33. Bf1 Rf8 34. Qe6+ Kh8 35. Nf7+ Rxf7 36. Qxf7 Qa2 37. Qe8+ Qg8 38. Qe7 Qf8 39. Qc7 Nd5 40.
Qxc6 Ne3 41. Be2 h6 42. Qxb6 Qf6 43. Qxa5 Kh7 44. Qb4 Qc6 45. Kf2 Qc1 46. a5 Qh1 47. a6 Qxh2+ 48. Ke1 Qxg3+ 49. Kd2 Qf4 50. Qb7 Nc4+ 51.
Kc2 Qd2+ 52. Kb1 Ne3 53. a7 Qxe2 54. a8=Q Qc2+ 55. Ka1 Nd1 56. Qac8 Qxd3 57. Qc1 Nc3 58. Qb3 Qe3 59. Kb2 d3 60. Ka3 Nd1 61. Qxe3 Nxe3 62. Qxd3 Nf5 63. Kb4 h5 64. Kc5 Kh6 65. Qf1 Kh7 66. Kd5 Ne3+ 67. Ke6 Nxf1 0-1

[Event "Early-Titled-Tuesday-Blitz-September-26-2023"]
[Site "Chess.com"]
[Date "2023.09.26"]
[Round "2"]
[White "MasterKroket"]
[Black "Mariia89"]
[Result "1-0"]
[WhiteElo "2418"]
[BlackElo "2076"]
[TimeControl "180+1"]
[EndTime "8:18:58 PDT"]
[Termination "MasterKroket won by resignation"]

1. e4 c6 2. d4 d5 3. Nc3 dxe4 4. Nxe4 Nf6 5. Nxf6+ exf6 6. c3 Be7 7. Nf3 Bg4 8. Be2 Na6 9. O-O Nc7 10. h3 Bh5 11. Bf4 Nd5 12. Bh2 O-O 13. Nd2 Bxe2 14. Qxe2 Re8 15.
Qd3 Bd6 16. Bxd6 Qxd6 17. Rfe1 g6 18. a3 Qd7 19. Qf3 Kg7 20. Re4 Re7 21. Rae1 Rae8 22. c4 Nc7 23. Rxe7 Rxe7 24. Rxe7 Qxe7 25. Qe3 Qd6 26. Ne4 Qe6 27. Qf4 Ne8 28. c5 h6 29.
Kh2 Qd5 30. Nc3 Qd8 31. Qe4 Nc7 32. b4 Ne6 33. d5 Ng5 34. Qd3 cxd5 35. Qxd5 Qc7+ 36.
Qd6 Qxd6+ 37. cxd6 Kf8 38. Nb5 a6 39. Nc7 Ne4 40.
Nd5 Nxd6 41. Nxf6 Ke7 42. Nd5+ Kd7 43. Kg3 Kc6 44. Nc3 f5 45. Kf4 Nc4 46. a4 Kd6 47.
g4 Ke6 48. g5 h5 49. b5 a5 50. f3 Nd6 51. Ke3 Nc8 52. Kd4 Kd6 53. Nd5 Ne7 54. Nxe7 Kxe7 55. Ke5 b6 56. h4 Kd7 57. Kf6 Kd6 58. Kxg6 Kc5 59. Kxf5 Kb4 60. g6 Kxa4 61. g7 Kxb5 62. g8=Q a4 63. Qa2 Kb4 64. Ke5 b5 65. f4 Kc3 66. f5 b4 67. Qxa4 b3 68.
Qxb3+ Kxb3 69. f6 1-0

[Event "Early-Titled-Tuesday-Blitz-September-26-2023"]
[Site "Chess.com"]
[Date "2023.09.26"]
[Round "2"]
[White "blitzking1729"]
[Black "Kostukov_Alex"]
[Result "1/2-1/2"]
[WhiteElo "2762"]
[BlackElo "2388"]
[TimeControl "180+1"]
[EndTime "8:19:00 PDT"]
[Termination "Game drawn - insufficient material"]

1. Nf3 c5 2. c4 g6 3. Nc3 Bg7 4.
g3 Nf6 5. Bg2 O-O 6. O-O Nc6 7.
b3 d5 8. cxd5 Nxd5 9. Bb2 Nc7 10. Rc1 b6 11. a3 Bb7 12. d3 Qd7 13. Qd2 Ne6 14. Ne4 Bxb2 15. Qxb2 Ncd4 16. Nxd4 Nxd4 17. b4 cxb4 18. axb4 Rfc8 19. e3 Nf5 20. d4 Bd5 21.
Nd2 Bxg2 22. Kxg2 Rxc1 23. Rxc1 a5 24. bxa5 bxa5 25. Qa2 a4 26. Nf3 Qb7 27. d5 Qb3 28. Qxb3 axb3 29. Rb1 Rb8 30. Rb2 Nd6 31. Nd2 Rb5 32.
e4 f5 33. f3 fxe4 34. fxe4 Rb4 35. Kf3 Kg7 36. Rxb3 Rd4 37. Ke3 Ra4 38. Rd3 Kf6 39. Rd4 Ra3+ 40. Kf4 g5+ 41. Kg4 Nf7 42. Nc4 Ra4 43.
d6 exd6 44. Kh5 Ke6 45. h4 gxh4 46. gxh4 Ne5 47. Rxd6+ Ke7 48. Nxe5 Kxd6 49. Nf7+ Ke7 50. Ng5 Kf6 51. Kh6 Ra7 52. Nxh7+ Ke5 53. Ng5 Ra6+ 54.
Kg7 Kf4 55. e5 Kxe5 56. Nf7+ Ke6 57. Ng5+ Kf5 58. Nf7 Rg6+ 59. Kf8 Kg4 60. Ne5+ Kh5 61. Nxg6 Kxg6 62. h5+ Kxh5 1/2-1/2

[Event "Early-Titled-Tuesday-Blitz-September-26-2023"]
[Site "Chess.com"]
[Date "2023.09.26"]
[Round "2"]
[White "sqmorr"]
[Black "kleopl"]
[Result "0-1"]
[WhiteElo "2235"]
[BlackElo "2477"]
[TimeControl "180+1"]
[EndTime "8:19:01 PDT"]
[Termination "kleopl won by checkmate"]

1. d4 Nf6 2. c4 e6 3. Nf3 b6 4. g3 Ba6 5. b3 d5 6. Bg2 Nbd7 7. cxd5 exd5 8. O-O Bd6 9. Nc3 c6 10. Bb2 O-O 11. Re1 Re8 12. Rc1 Rc8 13. Nh4 g6 14. e4 dxe4 15. Nxe4 Nxe4 16. Rxe4 Nf6 17. Rxe8+ Qxe8 18. Qd2 Bb7 19. Re1 Qf8 20. Bc3 Nd5 21. Bxd5 cxd5 22.
Nf3 a5 23. Ne5 Ba6 24. Re3 Rc7 25. Kg2 Bb5 26. h4 h5 27. Qe1 Rc8 28. f3 Qd8 29. f4 Qf6 30. Nf3 Qf5 31. a4 Qc2+ 32. Qd2 Qxd2+ 33.
Nxd2 Bd7 34. Nf3 Bf5 35. Ne5 Bb4 36. Bxb4 axb4 37. Kf2 Bc2 38. Nd7 Rc3 39. Nxb6 Rxe3 40. Kxe3 Bxb3 41. a5 Ba4 42. a6 Bc6 43. a7 b3 44. Kd2 Kg7 45. a8=Q Bxa8 46. Nxa8 Kf6 47. Nb6 Kf5 48. Nxd5 Ke4 49. Nc3+ Kxd4 50. Nb1 b2 51. Kc2 Ke3 52. Kxb2 Kf3 53. f5 Kxg3 54. fxg6 fxg6 55. Nd2 Kxh4 56. Kc1 Kg3 57. Kd1 h4 58. Ke1 Kg2 59. Ne4 h3 60. Ke2 h2 61. Nf2 g5 62.
Ke3 g4 63. Nh1 Kxh1 64. Kf2 g3+ 65. Kxg3 Kg1 66. Kf4 h1=Q 67. Ke5 Qf3 68. Kd4 Kf2 69. Ke5 Qe3+ 70. Kd5 Kf3 71. Kd6 Qg5 72. Kc6 Ke4 73. Kd6 Qb5 74. Kc7 Kd5 75. Kd8 Kd6 76. Kc8 Qb4 77. Kd8 Qb8# 0-1

[Event "Early-Titled-Tuesday-Blitz-September-26-2023"]
[Site "Chess.com"]
[Date "2023.09.26"]
[Round "2"]
[White "meoluoi91"]
[Black "ljm509"]
[Result "1-0"]
[WhiteElo "2671"]
[BlackElo "2320"]
[TimeControl "180+1"]
[EndTime "8:19:03 PDT"]
[Termination "meoluoi91 won by resignation"]

1. d4 e6 2. Nc3 d5 3. Bf4 a6 4. e4 dxe4 5. Nxe4 Nd7 6. Nf3 Ngf6 7. Ng3 Bd6 8. Bg5 h6 9. Be3 c5 10. dxc5 Bxc5 11. Bxc5 Nxc5 12. Qxd8+ Kxd8 13. O-O-O+ Ke7 14. Ne5 Nfd7 15. Nc4 b5 16. Nd6 Nb7 17. Nxc8+ Raxc8 18. Be2 Rc5 19. Kb1 Nf6 20. Bf3 Nd6 21. Rd4 Rhc8 22. Rhd1 Nc4 23. c3 R8c7 24. Be2 Ne5 25. Rd6 R5c6 26. R6d4 Rc5 27. f4 Nc6 28. R4d2 Rd5 29. Bf3 Rxd2 30. Rxd2 Na5 31. Re2 Kf8 32. f5 exf5 33. Nxf5 h5 34. Nd4 g6 35. h3 Nc4 36.
a3 Re7 37. Rxe7 Kxe7 38. Bb7 Ne3 39. Nc2 Nfd5 40. g3 a5 41. Nd4 b4 42. cxb4 axb4 43. a4 Kd6 44. a5 Kc5 45. Nf3 Kb5 46. a6 Kb6 47. Ne5 Nc7 48. Nxf7 Nf5 49. Ne5 Nxg3 50.
Nxg6 Nxa6 51. Bf3 Nc5 52. Nf4 h4 53. Ng6 Nd3 54. Nxh4 Nf4 55. Bg4 Nxh3 56. Bxh3 Ne4 57. Nf3 Nd6 58. Bf1 Kc5 59. Kc2 Ne4 60. Kb3 Nd6 61. Bd3 Nb7 62. Nd2 Kd4 63. Bb5 Nc5+ 64.
Kxb4 Ke3 65. Kxc5 Kxd2 66. b4 Kc3 67. Bc4 1-0

[Event "Early-Titled-Tuesday-Blitz-September-26-2023"]
[Site "Chess.com"]
[Date "2023.09.26"]
[Round "2"]
[White "djokovic74"]
[Black "ellatambien"]
[Result "0-1"]
[WhiteElo "2688"]
[BlackElo "2495"]
[TimeControl "180+1"]
[EndTime "8:19:04 PDT"]
[Termination "ellatambien won by resignation"]

1. e4 e5 2. Nf3 Nc6 3. Bb5 Bc5 4. O-O Qf6 5. c3 Nge7 6. Re1 O-O 7. d4 exd4 8. e5 Qg6 9. cxd4 Nxd4 10. Nxd4 Qb6 11. Be3 Bxd4 12. Bxd4 Qxb5 13. Nc3 Qa5 14. Ne4 Ng6 15.
Bc3 Qa6 16. h4 h6 17. h5 Nf4 18. Qg4 Ne6 19. f4 d5 20. exd6 f5 21. Qg6 fxe4 22. f5 Qb6+ 23. Kh1 Nd4 24. f6 Rxf6 25. Qe8+ Rf8 26.
d7 Bxd7 27. Qxd7 c5 28. Rxe4 Rad8 29. Qg4 Qf6 30. Rae1 Qf5 31. Qh4 b6 32. Re7 Rd7 33.
Rxd7 Qxd7 34. Rd1 Rd8 35. Qe4 Qd5 36. Qxd5+ Rxd5 37. g4 Kf7 38. Kg2 Ke6 39. Re1+ Re5 40. Rf1 Re4 41. Kh3 a5 42. Rf8 b5 43. Bxa5 Re3+ 44.
Kg2 Re2+ 45. Kg3 Rxb2 46. Bb6 Kd5 47. Rd8+ Kc4 48. Rc8 Ne6 49. Rc6 Re2 50. Ba7 Kd5 51. Rc8 c4 52. Bf2 b4 53. Kf3 Re4 54. Rb8 c3 55.
Rc8 Rc4 56. Rxc4 Kxc4 57. Ke2 Nd4+ 58. Kd1 Nb5 59. Kc1 Kd3 60. Bg3 Nd4 61. Kb1 c2+ 62. Kb2 Ne2 63. Bf4 Nxf4 0-1

[Event "Early-Titled-Tuesday-Blitz-September-26-2023"]
[Site "Chess.com"]
[Date "2023.09.26"]
[Round "2"]
[White "Bauman_Guy"]
[Black "Aswathchess"]
[Result "1-0"]
[WhiteElo "2896"]
[BlackElo "2610"]
[TimeControl "180+1"]
[EndTime "8:19:06 PDT"]
[Termination "Bauman_Guy won by resignation"]

1. e4 g6 2. d4 Bg7 3. Nc3 d6 4. Nf3 a6 5. a4 Nd7 6. Bc4 e6 7. O-O Ne7 8. h4 h6 9. Be3 b6 10. Qd2 Bb7 11. d5 e5 12. Bd3 Nf6 13. Nh2 Nh5 14. Be2 Nf4 15. Bxf4 exf4 16. Qxf4 g5 17. Qe3 Ng6 18. h5 Ne5 19. g3 Rg8 20.
Kh1 Qe7 21. f4 gxf4 22. gxf4 Nd7 23. Rg1 O-O-O 24. Bg4 Kb8 25. Bf5 Nc5 26. Rae1 Qh4 27. Rg4 Qxh5 28. Reg1 Rge8 29. Rxg7 Qxf5 30. Qxc5 Rxe4 31.
Qf2 Rxf4 32. Qg3 Rf2 33. Rg2 Rxg2 34. Qxg2 Re8 35. Rg8 Rxg8 36. Qxg8+ Ka7 37. Qg2 Qf4 38. Nf1 Qc1 39. b3 Qe1 40. Qf3 f5 41. Kg1 Qe5 42. Ng3 Qd4+ 43. Kf1 Qd2 44. Qd3 Qc1+ 45. Kg2 f4 46.
Nge2 Qe1 47. Nxf4 h5 48. Nfe2 h4 49. Qf3 Qd2 50. Qd3 Qg5+ 51. Kf1 Qf6+ 52. Ke1 Bc8 53. Ne4 Qe5 54. Nf2 Bf5 55. Qc3 Qe7 56. Kd2 Kb8 57. Qe3 Qf6 58. Qf4 Qg6 59. Qxh4 Bxc2 60. Nd4 Bf5 61.
Qd8+ Kb7 62. Nc6 Bc8 63. Qxc8+ Kxc8 64. Ne7+ Kd7 65. Nxg6 1-0

[Event "Early-Titled-Tuesday-Blitz-September-26-2023"]
[Site "Chess.com"]
[Date "2023.09.26"]
[Round "2"]
[White "hakanazeri2"]
[Black "moro182"]
[Result "0-1"]
[WhiteElo "2587"]
[BlackElo "2814"]
[TimeControl "180+1"]
[EndTime "8:19:06 PDT"]
[Termination "moro182 won by resignation"]

1. c4 g6 2. d4 Bg7 3. Nc3 d6 4. e4 c5 5. dxc5 Bxc3+ 6. bxc3 dxc5 7. Qxd8+ Kxd8 8. Be3 b6 9. e5 Bb7 10. Nh3 Nc6 11. e6 f6 12. O-O-O+ Ke8 13. Nf4 Rd8 14. Nd5 Rd6 15. Bf4 Ne5 16. Be2 Bxd5 17. cxd5 g5 18. Bxe5 fxe5 19. Bb5+ Kd8 20. Rhe1 Nf6 21. Rxe5 h6 22.
f3 Kc7 23. c4 Rdd8 24. Kc2 a6 25. Bc6 Kd6 26. Re3 g4 27. Ra3 gxf3 28. gxf3 a5 29. Rb3 Kc7 30. Rdb1 Rb8 31. Ba4 Rhg8 32. Kd3 Rg5 33.
Ke3 Re5+ 34. Kf2 Rh5 35. Kg3 Rg8+ 36. Kf4 Rh4+ 37. Ke3 Rxc4 38. Bc6 Rb4 39. Rxb4 axb4 40. a3 bxa3 41. Ra1 Kd6 42. Rxa3 Nxd5+ 43. Bxd5 Kxd5 44.
Ra6 Rb8 45. Kd3 b5 46. f4 c4+ 47. Kc2 b4 48. f5 b3+ 49. Kb1 c3 50. Ra5+ Ke4 51. Ra7 Rd8 52. Rd7 Rc8 53. Rb7 Kxf5 54. Rxb3 c2+ 55. Kc1 Kxe6 56. Re3+ Kf6 57. Rf3+ Kg5 58.
Re3 Rc7 59. Re6 h5 60. Re5+ Kg4 61. Re4+ Kh3 62. Re5 h4 63. Re4 e5 64. Rxe5 Kxh2 65.
Re2+ Kg3 66. Re3+ Kf4 67. Ra3 Rc4 68. Ra8 h3 69. Rh8 Kg3 70. Rg8+ Rg4 71. Rg7 0-1

[Event "Early-Titled-Tuesday-Blitz-September-26-2023"]
[Site "Chess.com"]
[Date "2023.09.26"]
[Round "2"]
[White "LikeWater"]
[Black "Legendinunknown"]
[Result "1-0"]
[WhiteElo "2615"]
[BlackElo "2819"]
[TimeControl "180+1"]
[EndTime "8:19:11 PDT"]
[Termination "LikeWater won by resignation"]

1. d4 Nf6 2. Nf3 e6 3. Bg5 d5 4. e3 h6 5. Bh4 Be7 6. Nbd2 c5 7. c3 Nc6 8. Bd3 b6 9. O-O Bb7 10. Ne5 Nxe5 11. dxe5 Nd7 12. Bxe7 Qxe7 13. f4 O-O 14. Qh5 f6 15. exf6 Nxf6 16. Qg6 Qf7 17. Qg3 d4 18. cxd4 cxd4 19. e4 Nh5 20. Qg4 Rac8 21. Rf3 Nf6 22. Qh3 Qe7 23. e5 Bxf3 24. exf6 Qxf6 25. Nxf3 Qxf4 26. Qxe6+ Kh8 27. Qg6 Qe3+ 28. Kh1 Kg8 29. Qh7+ Kf7 30. Rf1 Rc1 31. Ne1+ Ke6 32. Qg6+ Kd5 33. Qh5+ g5 34. Nf3 Rxf1+ 35. Bxf1 Qf2 36. Ba6 Qxb2 37. h3 Qc1+ 38. Kh2 Qf4+ 39. Kh1 Qc1+ 40. Kh2 Qc7+ 41. Kh1 Qf7 42. Qxh6 Qf6 43.
Qh7 Qf5 44. Qb7+ Kc5 45. Qe7+ Kd5 46. Bb7+ Kc4 47. Ba6+ Kd5 48. Bb5 d3 49. Qe3 Qe4 50.
Bc6+ Kxc6 51. Qxe4+ Kc7 52. Qxd3 Rd8 53. Qc4+ Kb8 54. Ne5 Rd1+ 55. Kh2 Rd6 56. Nf7 Rd7 57. Nxg5 Rc7 58. Qf4 Kb7 59. h4 Rc5 60. h5 b5 61. h6 Rc4 62. Qf3+ Kb6 63. h7 Rc8 64. Qe3+ Ka6 65. Qe6+ Kb7 66. Qxc8+ Kxc8 67. h8=Q+ Kb7 68. Qf6 a5 69. Qd6 b4 70. Kg3 a4 71. Kf3 b3 72. axb3 axb3 73. Qb4+ Kc6 74. Qxb3 Kc5 75. Qd3 Kc6 76. Qd4 Kb5 77. Qc3 Ka6 78. Qb4 Ka7 79.
Ke4 Ka8 80. Kd5 1-0

[Event "Early-Titled-Tuesday-Blitz-September-26-2023"]
[Site "Chess.com"]
[Date "2023.09.26"]
[Round "2"]
[White "Kopytkin"]
[Black "TheRigos"]
[Result "1/2-1/2"]
[WhiteElo "2356"]
[BlackElo "2591"]
[TimeControl "180+1"]
[EndTime "8:19:13 PDT"]
[Termination "Game drawn - insufficient material"]

1. d4 d5 2. Bg5 f6 3. Bf4 c5 4.
e3 Nc6 5. Nf3 cxd4 6. exd4 g5 7.
Be3 Nh6 8. c4 e6 9. Nc3 Bb4 10.
h4 Nf5 11. hxg5 Nxe3 12. fxe3 fxg5 13. Qb3 g4 14. Ne5 Qg5 15. Be2 Qxe3 16. Nxc6 Bxc3+ 17. Qxc3 Qxc3+ 18. bxc3 bxc6 19. Bxg4 Rb8 20. Bh5+ Ke7 21.
O-O dxc4 22. Rf7+ Kd6 23. Rxa7 Rb2 24. Rf1 Rg8 25. Rf2 Rb1+ 26. Kh2 Rb7 27. Rxb7 Bxb7 28.
Rf7 Ba8 29. Rxh7 c5 30. dxc5+ Kxc5 31. Bf3 Bxf3 32. gxf3 Ra8 33. Rc7+ Kd5 34. Rd7+ Kc6 35. Rd4 Rxa2+ 36. Kg3 Kc5 37. Re4 Kd5 38. Rd4+ Kc5 39. Re4 Rc2 40. Re5+ Kd6 41. Re3 Kd5 42. Kf4 Rc1 43.
Re5+ Kd6 44. Re3 Rh1 45. Ke4 Rh4+ 46. f4 e5 47. Rf3 Ke6 48. Ke3 Kd5 49. Rf2 Rh3+ 50.
Rf3 Rh4 51. Rf2 exf4+ 52. Rxf4 Rh3+ 53. Rf3 Rh5 54. Rg3 Re5+ 55. Kf3 Rh5 56. Ke3 Rf5 57. Rg4 Re5+ 58. Kf3 Rh5 59. Rd4+ Kc5 60. Rf4 Rh3+ 61. Ke2 Rxc3 62. Kd2 Kb4 63. Rf8 Rd3+ 64. Kc2 Rd6 65. Rb8+ Kc5 66. Rc8+ Kd4 67. Rh8 Rg6 68. Rh4+ Kc5 69.
Rh8 Rg2+ 70. Kc3 Rg3+ 71. Kc2 Kd4 72. Rd8+ Kc5 73. Rc8+ Kb4 74. Rb8+ Ka4 75. Ra8+ Kb5 76. Rb8+ Kc5 77. Rc8+ Kd5 78. Rd8+ Ke6 79. Rd4 c3 80. Rd3 Rxd3 81. Kxd3 c2 82. Kxc2 1/2-1/2

[Event "Early-Titled-Tuesday-Blitz-September-26-2023"]
[Site "Chess.com"]
[Date "2023.09.26"]
[Round "2"]
[White "carloseduar100"]
[Black "enestnrvrd"]
[Result "1-0"]
[WhiteElo "2351"]
[BlackElo "2657"]
[TimeControl "180+1"]
[EndTime "8:19:14 PDT"]
[Termination "carloseduar100 won by checkmate"]

1. e4 c5 2. Nf3 d6 3. Nc3 Nf6 4.
Bc4 e6 5. O-O Be7 6. Re1 Nc6 7. d4 cxd4 8. Nxd4 O-O 9. a3 Bd7 10.
Bg5 Rc8 11. Ba2 Qb6 12. Nxc6 Bxc6 13. Qd2 Rfd8 14. b4 Be8 15. Bb3 Qc7 16. Na2 d5 17. exd5 Nxd5 18. Bxe7 Nxe7 19. Qe3 Nf5 20. Qxa7 Ra8 21.
Qc5 Qxc5 22. bxc5 Rxa3 23. Nb4 Raa8 24. Nd3 Bb5 25. Nf4 g6 26. Rxa8 Rxa8 27. h3 Bc6 28. Rd1 Ra5 29. Rd8+ Kg7 30. Nd3 Kf6 31. Kh2 h5 32. g4 hxg4 33. hxg4 Nh4 34. Kg3 g5 35. f4 Ra1 36. fxg5+ Kxg5 37. Rg8+ Ng6 38. Nf4 Rg1+ 39.
Kf2 Rxg4 40. Nxg6 Kf6 41. Ne7 Rf4+ 42. Ke3 Rf3+ 43. Kd4 Kxe7 44. Rg4 Rf1 45. Bc4 Kf6 46. Bd3 e5+ 47. Kc3 Ke7 48. Rg7 Rf6 49. Rh7 Re6 50. Rg7 e4 51. Bc4 Rf6 52. Rg4 Rf3+ 53. Kd4 f5 54. Rg7+ Kf6 55. Rf7+ Kg5 56. Ke5 Rf2 57. Be6 f4 58. Rf5+ Kh4 59. Rxf4+ Rxf4 60. Kxf4 Kh5 61. Bf5 Ba4 62. Bxe4 Kh6 63. Bxb7 Bxc2 64. Ke5 Ba4 65. Kd6 Kg7 66. Bc6 Bc2 67. Bd5 Ba4 68. Bc6 Bc2 69. Bd7 Be4 70. Be6 Kf8 71. Bd5 Bc2 72. c6 Ke8 73. c7 Bf5 74. Be6 Bxe6 75. Kxe6 Kf8 76. c8=Q+ Kg7 77. Qd7+ Kg6 78. Qf7+ Kg5 79.
Qf6+ Kg4 80. Qf5+ Kg3 81. Ke5 Kg2 82. Ke4 Kg1 83. Qf3 Kh2 84. Qg4 Kh1 85. Kf3 Kh2 86. Qg2# 1-0

[Event "Early-Titled-Tuesday-Blitz-September-26-2023"]
[Site "Chess.com"]
[Date "2023.09.26"]
[Round "2"]
[White "InitiatingASC"]
[Black "lioni26"]
[Result "0-1"]
[WhiteElo "2344"]
[BlackElo "2587"]
[TimeControl "180+1"]
[EndTime "8:19:18 PDT"]
[Termination "lioni26 won by resignation"]

1. Nf3 Nf6 2. b3 d5 3. Bb2 Bf5 4. e3 e6 5. c4 Be7 6. cxd5 exd5 7. Be2 O-O 8. O-O c6 9. d3 h6 10. Nbd2 Bh7 11. a3 a5 12. Rc1 Nbd7 13. Qc2 Re8 14.
Rfe1 Bd6 15. Qb1 Qe7 16. Nf1 Bxa3 17. Ng3 Bxb2 18. Qxb2 Ne5 19. Nxe5 Qxe5 20. d4 Qe7 21. Ra1 Ne4 22. Nxe4 Qxe4 23. Qc3 Qc2 24. Qxc2 Bxc2 25. Bd1 Bxd1 26. Rexd1 Ra6 27. Ra3 Rea8 28. Rda1 Kf8 29.
Kf1 Ke7 30. Ke2 Kd6 31. Kd3 b6 32. Kc3 c5 33. dxc5+ bxc5 34. Ra4 Kc6 35. Rg4 g6 36. Rf4 R8a7 37. Rd1 f5 38. g4 Rf7 39. gxf5 Rxf5 40.
Rxf5 gxf5 41. Rg1 Kb5 42. Rg8 a4 43. Rb8+ Kc6 44. bxa4 Rxa4 45. Rc8+ Kd6 46. Rh8 Rh4 47. Rf8 Ke6 48. Re8+ Kf6 49. f4 d4+ 50. exd4 cxd4+ 51. Kxd4 Rxf4+ 52. Kd3 Rh4 53. Re2 Rh3+ 54. Kd2 f4 55. Ke1 Kf5 56. Kf1 f3 57. Ra2 Rh4 58. Kg1 Re4 59. Kf2 Kf4 60. Rb2 h5 61. Ra2 h4 62.
Rb2 h3 63. Ra2 Rb4 64. Rc2 Ke4 65. Ra2 Rd4 66. Kg3 Ke3 67. Ra3+ Ke2 68. Rxf3 Rd7 69. Rf2+ Ke3 70. Rf8 Rh7 71. Re8+ Kd3 72. Rd8+ Ke4 73. Re8+ Kf5 74. Rf8+ Ke4 75. Re8+ Kd3 76. Rd8+ Ke2 77. Re8+ Kf1 78. Rf8+ Kg1 79. Rg8 Rh6 80. Rg4 Kf1 81.
Rh4 Rxh4 82. Kxh4 Kg2 83. Kg4 Kxh2 84. Kf3 Kg1 85. Ke2 h2 86. Ke1 h1=Q 0-1

[Event "Early-Titled-Tuesday-Blitz-September-26-2023"]
[Site "Chess.com"]
[Date "2023.09.26"]
[Round "2"]
[White "Elprofessor21"]
[Black "rezamahdavi2008"]
[Result "0-1"]
[WhiteElo "2608"]
[BlackElo "2870"]
[TimeControl "180+1"]
[EndTime "8:19:20 PDT"]
[Termination "rezamahdavi2008 won by resignation"]

1. Nf3 g6 2. g3 Bg7 3. Bg2 d6 4. d4 Bd7 5. O-O Qc8 6. Nc3 Bh3 7. Bxh3 Qxh3 8. Nd5 Qc8 9. e4 Nf6 10. Nxf6+ Bxf6 11. e5 Bg7 12. exd6 cxd6 13. Re1 Nc6 14. c3 O-O 15. Bf4 Re8 16. Qd2 Qg4 17. Kg2 Rad8 18. h3 Qc8 19. Bh6 Qf5 20. Bxg7 Kxg7 21. g4 Qd5 22. b3 b5 23. Rac1 Nb8 24. c4 bxc4 25. bxc4 Qb7 26. d5 Nd7 27. Nd4 Ne5 28.
Kg3 Rc8 29. c5 Kg8 30. c6 Qa6 31. Rc3 Qa5 32. Nb3 Qb4 33. Qd4 Qxd4 34. Nxd4 g5 35.
c7 Kf8 36. Nb5 Ra8 37. Rb1 Nd7 38. Nxa7 Rxa7 39. c8=Q Rxc8 40. Rxc8+ Kg7 41. Rc2 Nf6 42. Rd1 Ra5 43. Re2 Nxd5 44. Rd4 e6 45. h4 Ra3+ 46.
f3 gxh4+ 47. Kxh4 Rxf3 48. a4 Kg6 49. a5 Ra3 50. a6 Rxa6 51. g5 Ra1 52. Rf2 Rh1+ 53.
Kg4 Rg1+ 54. Kh4 Rxg5 55. Rd1 f5 56. Re1 Rg4+ 57. Kh3 Kf6 58. Rfe2 Nf4+ 59. Kh2 Nxe2 60. Rxe2 e5 61. Kh3 Ke6 62. Kh2 Rg6 63. Kh3 f4 64. Kh4 Kf5 65. Kh5 Rg1 66. Rh2 f3 67. Kh4 Kf4 68. Kh5 e4 69. Rh4+ Ke3 70. Rh3 Ke2 71.
Rh4 e3 0-1

[Event "Early-Titled-Tuesday-Blitz-September-26-2023"]
[Site "Chess.com"]
[Date "2023.09.26"]
[Round "2"]
[White "Raskolnikov6"]
[Black "CristianS27"]
[Result "0-1"]
[WhiteElo "2310"]
[BlackElo "2513"]
[TimeControl "180+1"]
[EndTime "8:19:20 PDT"]
[Termination "CristianS27 won on time"]

1. d4 Nf6 2. c4 g6 3. Nc3 Bg7 4. e4 d6 5. h3 O-O 6. Be3 c5 7. Nf3 cxd4 8. Nxd4 Nc6 9. Be2 Bd7 10. O-O Nxd4 11.
Bxd4 Bc6 12. Qc2 a5 13. Rad1 a4 14. c5 Qa5 15. cxd6 exd6 16. Bxf6 Bxf6 17. Rxd6 Be5 18. Rdd1 a3 19. Rc1 axb2 20. Qxb2 Bxe4 21. Bc4 Rac8 22.
Qb3 Bxc3 23. Rxc3 Qg5 24. Rg3 Qc5 25. Be2 Qc2 26. Bb5 Qxb3 27. Rxb3 Rc2 28. a4 Rd8 29. Re1 f5 30. f3 Bd5 31. Rd3 Kg7 32. Re7+ Kf6 33.
Rxh7 f4 34. Kh2 Rcc8 35. h4 Be6 36. Rxd8 Rxd8 37. Rxb7 Rd2 38. Rb6 Ke7 39. a5 Bd5 40. Bf1 Bxf3 41. Rxg6 Ra2 42. Kh3 Be4 43. Rg5 Kf6 44. a6 Ra1 45. Bc4 Ra4 46. Rc5 Ra3+ 47. Kg4 Bxg2 48. Kxf4 Ra4 49. Ke3 Ra3+ 50. Kd4 Ra1 51.
Rc7 Rc1 52. Kc5 Rb1 53. a7 Ra1 54. Bd5 Rc1+ 55. Kd6 Rxc7 56. Bxg2 Rxa7 57. Bd5 Kg7 58. h5 Ra5 59. Bf3 Kh6 60. Be2 Ra2 61. Ke5 Rd2 62. Bf3 Rd3 63. Kf4 Ra3 64. Bg4 Ra5 65. Bf3 Ra4+ 66.
Kg3 Ra5 67. Kf4 Ra4+ 68. Kg3 Kg5 69. Kf2 Kf4 70. Be2 Ra2 71. h6 Ra7 72. Bd3 Ra2+ 73. Ke1 Rh2 74. h7 Ke3 75. Bf1 Rxh7 76. Bc4 Rh1+ 77.
Bf1 Rg1 0-1